 Dungeon Crawl Stone Soup version 0.24.0-13-gcf9b319 (webtiles) character file.

Game seed: 4762996058074495180, levelgen mode: deterministic

258 Bronimir the Caller (level 6, 0/44 HPs)
             Began as a Barachi Summoner on Mar 11, 2020.
             Slain by a worker ant (4 damage)
             ... on level 4 of the Dungeon.
             The game lasted 00:10:47 (3682 turns).

Bronimir the Caller (Barachi Summoner)              Turns: 3682, Time: 00:10:48

Health: 0/44       AC:  7    Str: 10    XL:     6   Next: 16%
Magic:  2/10       EV: 11    Int: 16    God:
Gold:   81         SH:  0    Dex: 13    Spells: 5/11 levels left

rFire    . . .     SeeInvis .   a - +3 quarterstaff (chaos)
rCold    . . .     Gourm    .   (shield currently unavailable)
rNeg     . . .     Faith    .   h - +0 ring mail
rPois    .         Spirit   .   (no helmet)
rElec    .         Reflect  .   t - +0 cloak
rCorr    .         Harm     .   m - +0 pair of gloves
MR       .....                  (no boots)
Stlth    +.........             (no amulet)
HPRegen  0.14/turn              (no ring)
MPRegen  0.12/turn              (no ring)

@: lethally poisoned (0 -> -2), can't hop, slow
A: +LOS, swims, slowness 1, strong legs 1
a: Hop


You were on level 4 of the Dungeon.
You were hungry.

You visited 1 branch of the dungeon, and saw 4 of its levels.

You collected 81 gold pieces.

Inventory:

Hand Weapons
 a - a +3 quarterstaff of chaos (weapon)
 b - a +0 hunting sling
 y - a +1 mace of protection
Missiles
 e - 97 stones
 i - 21 arrows
 k - 26 bolts
 s - 32 sling bullets
 v - 9 poisoned darts (quivered)
 x - 3 boomerangs
Armour
 h - a +0 ring mail (worn)
 m - a +0 pair of gloves (worn)
 p - a +0 buckler
 t - a +0 cloak (worn)
 w - a +0 robe
 z - a +0 cloak
Jewellery
 j - a -2 ring of protection
 r - a cursed -2 ring of dexterity {unknown}
Wands
 u - a wand of polymorph (6)
Scrolls
 d - 2 scrolls of identify
 l - a scroll of remove curse
 o - a scroll of magic mapping {unknown}
 A - a scroll of teleportation
Potions
 f - a potion of resistance {unknown}
 g - 4 potions of curing
 n - 3 potions of haste {unknown}
Comestibles
 c - 10 rations


   Skills:
 + Level 2.0 Fighting
   Level 0.9 Short Blades
 + Level 0.3(1.1) Maces & Flails
 * Level 1.7(1.8) Staves
 * Level 2.4 Armour
 + Level 2.8 Dodging
 - Level 2.0 Stealth
 * Level 1.3 Shields
 + Level 0.2 Unarmed Combat
 + Level 3.0 Spellcasting
 * Level 6.1 Summonings


You had 5 spell levels left.
You knew the following spells:

 Your Spells              Type           Power        Failure   Level  Hunger
a - Summon Small Mammal   Summ           ###.         3%          1    #......
b - Call Imp              Summ           ###.....     5%          2    ##.....
c - Call Canine Familiar  Summ           ###.....     11%         3    ###....

Your spell library contained the following spells:

 Spells                   Type           Power        Failure   Level  Hunger
 Summon Guardian Golem    Hex/Summ       ##......     36%         3    ###....
 Summon Ice Beast         Ice/Summ       ##......     78%         4    #####..
 Summon Lightning Spire   Summ/Air       ##......     78%         4    #####..


Dungeon Overview and Level Annotations

Branches:
Dungeon (4/15)
 Temple: D:4-7

Altars:
Qazlal
The Shining One

Annotations:
D:4 Dowan


Innate Abilities, Weirdness & Mutations

Shadows flee at your approach. (+LOS)
You can swim through water.
You cover ground slowly.
You can hop short distances.


Message History

Okay, then.
What are your orders? t - Ribbit!
Orders for allies: a - Attack new target. r - Retreat! s - Stop attacking. g - Guard the area. f - Follow me.
Anything else - Cancel.
Stop fighting!
Your crimson imp hits Dowan.
Your ring mail prevents you from hitting the iguana.
The iguana is moderately wounded.
The adder hisses angrily.
The ooze quivers.
The worker ant barely misses you. The iguana completely misses you.
Dowan casts a spell.
Dowan blinks!
You hit the iguana but do no damage.
There is a strange surge of energy around the iguana.
The iguana is moderately wounded.
The worker ant bites you.
You die...

# ######
..#.....##
...J.e...##
..S.......#
....<.....#
..........#####
..........#...##
........@l5....##
.....?...a[5....#
##########h5....#
#....<.# #....)##
#../..# #......#
#......#
#.?......


You could see Dowan, an iguana, a worker ant, an ooze, an adder, a friendly
hound, 2 friendly crimson imps and a friendly white imp.

Vanquished Creatures
  Crazy Yiuf (D:3)
  An orc priest (D:3)
  3 adders
  An ooze (D:3)
  3 leopard geckos
  2 orcs (D:3)
  A giant cockroach (D:1)
  3 goblins
  4 hobgoblins
  4 jackals (D:3)
  2 quokkas (D:3)
  4 bats
  2 frilled lizards
  4 kobolds
  4 rats
  2 fungi (D:3)
41 creatures vanquished.

Vanquished Creatures (collateral kills)
  Duvessa (D:4)
  An ogre (D:2)
  Jessica (D:3)
  2 dart slugs (D:1)
  A worm (D:2)
  A leopard gecko (D:3)
  4 bats
  A giant cockroach (D:1)
  A goblin (D:3)
  4 hobgoblins (D:1)
  2 frilled lizards
  2 kobolds
  2 rats (D:1)
23 creatures vanquished.

Grand Total: 64 creatures vanquished

Notes
Turn   | Place    | Note
-------+----------+-------------------------------------------
     0 | D:1      | Bronimir the Barachi Summoner began the quest for the Orb.
     0 | D:1      | Reached XP level 1. HP: 13/13 MP: 3/3
    89 | D:1      | Reached skill level 5 in Summonings
   646 | D:1      | Reached XP level 2. HP: 12/19 MP: 0/5
  1221 | D:1      | Learned a level 2 spell: Call Imp
  1454 | D:2      | Reached XP level 3. HP: 22/24 MP: 2/6
  1533 | D:2      | Noticed an ogre
  1545 | D:2      | Killed an ogre
  1545 | D:2      | Reached skill level 1 in Fighting
  1545 | D:2      | Reached XP level 4. HP: 14/32 MP: 0/8
  1892 | D:2      | Reached skill level 1 in Armour
  2088 | D:2      | Learned a level 3 spell: Call Canine Familiar
  2225 | D:3      | Found a runed translucent door.
  2226 | D:3      | Noticed Crazy Yiuf
  2283 | D:3      | Killed Crazy Yiuf
  2435 | D:3      | Reached XP level 5. HP: 13/37 MP: 1/9
  2816 | D:3      | Noticed Jessica
  2823 | D:3      | Killed Jessica
  2823 | D:3      | Reached skill level 6 in Summonings
  3052 | D:3      | Found a faded altar of an unknown god.
  3262 | D:3      | Found a stormy altar of Qazlal.
  3392 | D:3      | Found a glowing golden altar of the Shining One.
  3531 | D:3      | Reached skill level 1 in Staves
  3610 | D:4      | Noticed Duvessa
  3610 | D:4      | Noticed Dowan
  3677 | D:4      | Killed Duvessa
  3677 | D:4      | Reached skill level 1 in Shields
  3677 | D:4      | Reached XP level 6. HP: 12/44 MP: 1/10
  3682 | D:4      | Slain by a worker ant

Levels and vault maps discovered:
D:1:      dpeg_arrival_simpleton_b, layout_basic
D:2:      layout_rooms, chequers_serial_rivers_small_3
D:3:      layout_basic, nicolae_qazlal_general_emergency,
          nicolae_tso_carved_into_rock, chequers_ecumenical_altar_lobes,
          minivault_24, uniq_crazy_yiuf_cottage, uniq_jessica
D:4:      wad_lake_hut, layout_rooms, fiery_altar_vehumet,
          gup_sewer_entry_glass, uniq_duvessa

Skill      XL: |  1  2  3  4  5 |
---------------+----------------+-----
Summonings     | 5 6 |  6.1
Stealth        | 2 |  2.0
Fighting       | 1 2 |  2.0
Armour         | 1 2 |  2.4
Staves         | 1 |  1.7
Shields        | 1 |  1.3
Spellcasting   | 3 |  3.0
Short Blades   | |  0.9
Maces & Flails | |  0.3
Dodging        | |  2.8
Unarmed Combat | |  0.2

Action                   |  1- 3 |  4- 6 || total
-------------------------+-------+-------++-------
Melee: Short sword       |    57 |       ||    57
       Unarmed           |     9 |       ||     9
       Mace              |     2 |    44 ||    46
       Quarterstaff      |       |    65 ||    65
 Cast: Summon Small Mamm |    24 |     6 ||    30
       Call Imp          |     3 |    11 ||    14
       Call Canine Famil |       |     3 ||     3
 Abil: Hop               |     2 |     1 ||     3
  Use: Scroll            |     3 |     3 ||     6
 Stab: Sleeping          |     3 |     1 ||     4
       Distracted        |       |     1 ||     1
       Paralysed         |       |     1 ||     1
  Eat: Chunk             |     2 |     6 ||     8
       Ration            |       |     1 ||     1
Armor: Robe              |    10 |       ||    10
       Ring mail         |    23 |    54 ||    77
Dodge: Dodged            |    81 |    73 ||   154
Block: Buckler           |       |     6 ||     6
